 Dungeon Crawl Stone Soup version 0.30-b1-2-g02819fbbbe (webtiles) character file.

Game seed: 13212365959426354862

9 Alarkh the Vexing (level 2, 21/21 HPs)
             Began as a Demonspawn Hexslinger on July 7, 2023.
             Got out of the dungeon alive.
             The game lasted 00:00:19 (203 turns).

Alarkh the Vexing (Demonspawn Hexslinger)            Turns: 203, Time: 00:00:20

Health: 21/21      AC:  2    Str: 10    XL:     2   Next: 6%
Magic:  3/3        EV: 12    Int: 14    God:
Gold:   8          SH:  4    Dex: 13    Spells: 2/3 levels left

rFire   . . .        a - +1 sling
rCold   . . .        (no shield)
rNeg    . . .        c - +0 robe
rPois   .            (no helmet)
rElec   .            (no cloak)
rCorr   .            (no gloves)
SInv    .            (no boots)
Will    .....        (no amulet)
Stlth   +            (no ring)
HPRegen 0.23/turn    (no ring)
MPRegen 0.08/turn

%: no passive effects
@: no status effects
A: condensation shield
a: no special abilities


You escaped.
You visited 1 branch of the dungeon, and saw 1 of its levels.

You collected 8 gold pieces.

Inventory:

Hand Weapons
 a - a +1 sling (weapon)
Armour
 c - a +0 robe (worn)
Scrolls
 b - a scroll of poison
 e - a scroll of immolation {unknown}
Potions
 d - a potion of cancellation {unknown}


   Skills:
 - Level 1.0 Fighting
 + Level 2.5 Ranged Weapons
 - Level 1.7 Dodging
 - Level 1.0 Spellcasting
 - Level 3.0 Hexes


You had 2 spell levels left.
You knew the following spells:

 Your Spells              Type           Power      Damage    Failure   Level
a - Slow                  Hex            36%        N/A       8%          1

Your spell library contained the following spells:

 Spells                   Type           Power      Damage    Failure   Level
 Inner Flame              Hex/Fire       4%         N/A       38%         3
 Portal Projectile        Hex/Tloc       8%         N/A       38%         3
 Cause Fear               Hex            4%         N/A       58%         4


Dungeon Overview and Level Annotations

Branches:
Dungeon (1/15)

Altars:


Innate Abilities, Weirdness & Mutations

A meltable shield of frost defends you. (SH +4)


Message History

You shoot a sling bullet. The sling bullet hits the rat!
You kill the rat!
No target in view!
HP restored.
Found a stone staircase leading down.
A hobgoblin comes into view.
The hobgoblin shouts!
A hobgoblin is nearby!
You shoot a sling bullet. The sling bullet hits the hobgoblin.
The hobgoblin is lightly wounded.
A ball python comes into view.
There are monsters nearby!
You shoot a sling bullet. The ball python hisses angrily.
The sling bullet hits the hobgoblin.
You kill the hobgoblin!
You have reached level 2!
Your demonic ancestry asserts itself...
Frost condenses into a shield before you.
You shoot a sling bullet.
The sling bullet closely misses the ball python.
You shoot a sling bullet. The sling bullet hits the ball python.
The ball python is severely wounded.
The ball python barely misses you. The ball python grabs you.
The ball python constricts you.
You shoot a sling bullet.
The sling bullet completely misses the ball python.
You block the ball python's attack. The ball python constricts you.
You shoot a sling bullet.
The sling bullet barely misses the ball python.
The ball python bites you. The ball python constricts you.
The ball python bites you but does no damage.
The ball python constricts you.
You shoot a sling bullet. The sling bullet hits the ball python!
You kill the ball python!
No target in view!
Unknown command.
There is a staircase leading out of the dungeon here.
Are you sure you want to leave the Dungeon?
This will make you lose the game!
You have escaped!

#.#.####.####.# #.
#.####.# .# #.##...# #
##.##.#.#
#..###.......##
#.....#####..##
#......#.....#..######.#
###...#.......#........#
..#
#..#....@....#..#####
#.# #...#.......#..##
#.# #....#.....#..## ...
...##..#####...# #.# ###
##.......#.# #.#
#...#####.# #.# #.#.#
#.# #.#########.#.# #.#
###......†....#.# #.#


There were no monsters in sight!

Vanquished Creatures
  3 ball pythons (D:1)
  A goblin (D:1)
  A hobgoblin (D:1)
  2 bats (D:1)
  A frilled lizard (D:1)
  A kobold (D:1)
  2 rats (D:1)
11 creatures vanquished.

Notes
Turn   | Place    | Note
-------+----------+-------------------------------------------
     0 | D:1      | Alarkh the Demonspawn Hexslinger began the quest for the
                  | Orb.
     0 | D:1      | Reached XP level 1. HP: 15/15 MP: 2/2
   181 | D:1      | Gained mutation: A meltable shield of frost defends you.
                  | (SH +4) [demonic ancestry]
   181 | D:1      | Reached XP level 2. HP: 21/21 MP: 3/3
   203 | D:$      | Got out of the dungeon alive.

Illustrated notes

Levels and vault maps discovered:
D:1:      scummos_arrival_hexagon, layout_loops_ring

Skill      XL: |  1 |
---------------+----+-----
Ranged Weapons | 2 |  2.5
Fighting       | |  1.0
Dodging        | |  1.7
Spellcasting   | |  1.0
Hexes          | |  3.0

Action                     || total
---------------------------++-------
   Fire: Sling             ||    29
 Armour: Robe              ||     4
  Dodge: Dodged            ||     7
  Block: Other             ||     1
